AoeStats
← vedattufan1

Arena

508488031Analyzed
1v1 RM · 8d ago on Sep 22, 2026· 38m 25s· 2 players
Game mode
Random Map
Map size
Tiny (2 player)
Population
200
Speed
Normal
Resources
Standard
Victory
Conquest
Starting age
Dark Age
Ending age
Imperial Age
RankedLock teamsTeams togetherTeam positionsShared explorationLock speedFull tech treeHidden civsTurbo modeCheats
Victory
Defeat
🇺🇸 Romans · United States
699
+15
🇹🇷 Khmer · Türkiye
683
-15
vedattufan1
10:53 Feudal Age
9:08 Loom
11:43 Double-Bit Axe
11:56 Horse Collar
18:51 Castle Age
17:43 Forging
17:33 Stone Mining
17:36 Gold Mining
18:22 Forging
18:37 Scale Mail Armor
19:23 Town Watch
19:56 Bow Saw
20:02 Heavy Plow
20:37 Arson
22:31 Pikeman
30:04 Imperial Age
28:18 Padded Archer Armor
29:37 Iron Casting
29:17 Chain Mail Armor
31:43 Conscription
31:09 Halberdier
34:08 Blast Furnace
35:47 Chemistry
36:21 Leather Archer Armor
35:56 Fletching
37:38 Ring Archer Armor
36:36 Elite Skirmisher
BlueCoffee
11:40 Feudal Age
13:20 Wheelbarrow
12:37 Double-Bit Axe
12:35 Horse Collar
13:08 Gold Mining
13:39 Town Watch
14:20 Man-at-Arms
17:15 Loom
19:52 Castle Age
18:25 Scale Mail Armor
18:56 Forging
19:57 Stone Mining
21:46 Hand Cart
22:02 Bow Saw
24:10 Long Swordsman
24:52 Squires
26:36 Fortified Wall
26:51 Ballistics
28:40 Gold Shaft Mining
31:17 Ballistas
34:19 Imperial Age
33:02 Iron Casting
32:46 Chain Mail Armor
32:56 Fervor
34:43 Heavy Scorpion
34:57 Legionary
36:55 Comitatenses
Connection lost

Rejoining the realm…

Still unreachable

The connection could not be restored.

Session expired

The server has moved on; the page needs a fresh start.